 Dungeon Crawl Stone Soup version 0.31-a0-632-g766dd24fdf (webtiles) character file.

Game seed: 1784143979146091346

83 ytrimaz the Insei (level 4, -3/28 HPs)
             Began as an Octopode Shapeshifter on Aug 25, 2023.
             Killed by divine providence
             ... invoked by an orc priest
              (12 damage)
             ... on level 3 of the Dungeon.
             The game lasted 00:01:54 (1377 turns).

ytrimaz the Insei (Octopode Shapeshifter)           Turns: 1377, Time: 00:01:55

Health: -3/28      AC:  1    Str: 14    XL:     4   Next: 44%
Magic:  4/4        EV: 13    Int: 10    God:
Gold:   43         SH:  0    Dex: 20    Spells: 3/3 levels left

rFire   . .          .
                       - Unarmed
rCold   . . .        (no shield)
rNeg    . . .        (helmet currently unavailable)
rPois   .            (no amulet)
rElec   .            j - +6 ring of dexterity
rCorr   .            (no ring)
SInv    .            (no ring)
Will    .....        (no ring)
Stlth   +++          (no ring)
HPRegen 0.24/turn    (no ring)
MPRegen 0.09/turn    (no ring)
                     (no ring)

%: no passive effects
@: beast-form
A: beast (slay +2), almost no armour, amphibious, 8 rings, camouflage 1,
gelatinous body 1, (nimble swimmer 1), tentacles
a: Begin Untransformation


You were on level 3 of the Dungeon.
You were a hulking beast.
You visited 1 branch of the dungeon, and saw 3 of its levels.

You collected 43 gold pieces.


Innate Abilities, Weirdness & Mutations

You are a hulking beast.
Your limbs bulge with bestial killing power. (Slay +2)
You cannot wear most types of armour.
You are amphibious.
You can wear up to eight rings at the same time.
Your skin changes colour to match your surroundings (Stealth+).
Your rubbery body absorbs attacks. (AC +1, EV +1)
((You are camouflaged when in or above water. (Stealth+)))
You have tentacles for arms and can constrict up to eight enemies at once.


   Skills:
 - Level 1.0 Fighting
 - Level 2.0 Dodging
 - Level 2.6 Stealth
 + Level 3.9 Unarmed Combat
 + Level 3.7 Shapeshifting


You had 3 spell levels left.
You didn't know any spells.
Your spell library was empty.

Inventory:

Jewellery
 j - a +6 ring of dexterity (left tentacle)
   (You found it on level 2 of the Dungeon)
Talismans
 b - a beast talisman (active)
 c - a flux talisman
 k - a maw talisman
   (You found it on level 2 of the Dungeon)
Scrolls
 d - 3 scrolls of identify {unknown}
 e - 2 scrolls of acquirement {unknown}
 f - a scroll of enchant weapon {unknown}
 g - a scroll of teleportation {unknown}
 i - a scroll of immolation {unknown}
 m - a scroll of blinking {unknown}
Potions
 a - a potion of lignification
 h - a potion of enlightenment {unknown}
 l - a potion of mutation {unknown}

Dungeon Overview and Level Annotations

Branches:
Dungeon (3/15) Zot: 16624

Altars:

### ..#####
##.....
.###!....
...g...o#
#..#h##.#.##
#...<[.....#
...>..####.#.##
.###.# # #. #


You could see an orc priest and a hobgoblin.


Message History

The magic dart hits you. 😮 HP[-6]
You take 6 damage, and now have 17/23 hp.
MASSIVE DAMAGE!! (PAUSE)
You tentacle-slap the orc wizard.
You kill the orc wizard!
An orc priest comes into view. It is wielding a +0 whip.
You have reached level 4! 😮 HP[+4] MP[+1]
You now have 28 max hp (+5).
You regained 4 hp, and now have 21/28 hp.
Your mp is fully restored (4).
You are too injured to fight recklessly!
You tentacle-slap the orc. You grab the orc. You constrict the orc.
The orc hits you with a +0 hand axe. 😮 HP[-6]
You take 6 damage, and now have 15/28 hp.
MASSIVE DAMAGE!! (PAUSE)
You release your grip on the orc.
The orc hits you with a +0 hand axe.
* * * LOW HITPOINT WARNING * * *
You climb upwards.
There is a stone staircase leading down here. 😨 HP[-2]
You take 2 damage, and now have 13/28 hp.
Unknown command.
Unknown command.
You bludgeon the orc!
You kill the orc! 😨 HP[+1]
Things that are here:
a +0 hand axe; an orc corpse
There is a stone staircase leading down here.
You start resting. 😎 HP[+14]
Your hp is fully restored (28).
Unknown command.
You climb downwards.
The orc barely misses you.
There is a stone staircase leading up, spattered with blood here.
Unknown command.
The orc hits you with a +0 whip.
You climb upwards.
There is a stone staircase leading down here. 😕 HP[-4]
You take 4 damage, and now have 24/28 hp.
Unknown command.
Unknown command.
You tentacle-slap the orc but do no damage.
Your grab misses the orc.
You tentacle-slap the orc, but do no damage.
The orc hits you with a +0 whip. 😕 HP[-2]
You take 2 damage, and now have 22/28 hp.
You tentacle-slap the orc. You grab the orc. You squeeze the orc.
You kill the orc!
Things that are here:
a +0 whip; a +0 leather armour; an orc corpse 😕 HP[+1] Unknown command.
Things that are here:
a +0 whip; a +0 leather armour; an orc corpse
There is a stone staircase leading down here.
You start resting. 😎 HP[+5]
Your hp is fully restored (28).
Unknown command.
You climb downwards.
There is a stone staircase leading up, spattered with blood here.
Unknown command.
A hobgoblin comes into view.
The orc priest calls down the wrath of Beogh upon you.
Pain shoots through your body! 😮 HP[-7]
You take 7 damage, and now have 21/28 hp.
MASSIVE DAMAGE!! (PAUSE)
You tentacle-slap the orc priest. You grab the orc priest.
You constrict the orc priest.
The hobgoblin shouts!
The orc priest hits you with a +0 whip. 😮 HP[-2]
You take 2 damage, and now have 19/28 hp.
You tentacle-slap the orc priest but do no damage.
You tentacle-slap the orc priest. Your squeeze misses the orc priest.
You constrict the orc priest. The orc priest hits you with a +0 whip!
* * * LOW HITPOINT WARNING * * *
😨 HP[-7]
You take 7 damage, and now have 12/28 hp.
MASSIVE DAMAGE!! (PAUSE)
You tentacle-slap the orc priest but do no damage.
You squeeze the orc priest.
You constrict the orc priest, but do no damage.
The orc priest hits you with a +0 whip.
* * * LOW HITPOINT WARNING * * *
😨 HP[-3]
You take 3 damage, and now have 9/28 hp.
You tentacle-slap the orc priest but do no damage.
You squeeze the orc priest, but do no damage.
You constrict the orc priest.
The orc priest mumbles some strange prayers to Beogh against you.
Beogh smites you!
You die...

Skill      XL: |  1  2 |
---------------+-------+-----
Stealth        | 1 2 |  2.6
Fighting       | |  1.0
Dodging        | |  2.0
Unarmed Combat | |  3.9
Shapeshifting  | |  3.7

Action                     |  1- 3 |  4- 6 || total
---------------------------+-------+-------++-------
  Melee: Unarmed           |    69 |     8 ||    77
         Constrict         |    17 |     3 ||    20
         Tentacles         |     9 |     3 ||    12
         Punch             |       |     2 ||     2
   Stab: Sleeping          |     9 |       ||     9
 Armour: Skin              |     6 |       ||     6
  Dodge: Dodged            |    44 |     1 ||    45
   Form: Beast             |     1 |       ||     1
         Maw               |     1 |       ||     1

Levels and vault maps discovered:
D:1:      scummos_arrival_forest, layout_loops_cross
D:2:      layout_rooms, st_stairs_3
D:3:      layout_loops_cross, dreamdust_ecumenical_altar_statues,
          kennysheep_big_empty_room, uniq_natasha

Notes
Turn   | Place    | Note
-------+----------+-------------------------------------------
     0 | D:1      | ytrimaz the Octopode Shapeshifter began the quest for the
                  | Orb.
     0 | D:1      | Reached XP level 1. HP: 13/13 MP: 1/1
     0 | D:1      | magus.rc [v1.9.6]
    84 | D:1      | Reached skill level 1 in Stealth
   101 | D:1      | Reached XP level 2. HP: 18/18 MP: 2/2
   360 | D:1      | Reached skill level 2 in Stealth
   416 | D:1      | Reached XP level 3. HP: 19/23 MP: 3/3
  1280 | D:3      | Reached XP level 4. HP: 21/28 MP: 4/4
  1377 | D:3      | Killed from afar by an orc priest

Vanquished Creatures
  An orc wizard (D:3)
  A gnoll (D:1)
  A worm (D:2)
  2 dart slugs
  2 orcs (D:2)
  8 bats
  An endoplasm (D:1)
  A giant cockroach (D:1)
  5 goblins
  2 hobgoblins
  5 quokkas
  2 ball pythons
  A frilled lizard (D:2)
  3 kobolds
  4 rats
39 creatures vanquished.

Table legend:
 A = Non-vault XP
 B = Vault XP
 C = Vault XP percentage of total XP
 D = Non-vault monster count
 E = Vault monster count
 F = Vault count percentage of total count
                 A         B        C        D         E       F
            +---------+---------+-------+---------+---------+-------
      Total |     117 |       2 |   1.7 |      37 |       2 |   5.1
            +---------+---------+-------+---------+---------+-------
        D:1 |      54 |       0 |   0.0 |      22 |       0 |   0.0
        D:2 |      28 |       2 |   6.7 |      14 |       2 |  12.5
        D:3 |      35 |       0 |   0.0 |       1 |       0 |   0.0
            +---------+---------+-------+---------+---------+-------

Skill      XL: |  1  2 |
---------------+-------+-----
Stealth        | 1 2 |  2.6
Fighting       | |  1.0
Dodging        | |  2.0
Unarmed Combat | |  3.9
Shapeshifting  | |  3.7

Action                     |  1- 3 |  4- 6 || total
---------------------------+-------+-------++-------
  Melee: Unarmed           |    69 |     8 ||    77
         Constrict         |    17 |     3 ||    20
         Tentacles         |     9 |     3 ||    12
         Punch             |       |     2 ||     2
   Stab: Sleeping          |     9 |       ||     9
 Armour: Skin              |     6 |       ||     6
  Dodge: Dodged            |    44 |     1 ||    45
   Form: Beast             |     1 |       ||     1
         Maw               |     1 |       ||     1

Illustrated notes

Table legend:
 A = Kills in this place as a percentage of kills in the entire game.
 B = Kills by you in this place as a percentage of kills by you in the entire game.
 C = Kills by friends in this place as a percentage of kills by friends in the entire game.
 D = Other kills in this place as a percentage of other kills in the entire game.
 E = Experience gained in this place as a percentage of experience gained in the entire game.
 F = Experience gained in this place divided by the number of levels of this place that you have seen.
                   A       B       C       D       E      F
               +-------+-------+-------+-------+-------+----------------------
         Total | 100.0 | 100.0 |   N/A |   N/A | 100.0 |  39.7
       Dungeon | 100.0 | 100.0 |   N/A |   N/A | 100.0 |  39.7
               +-------+-------+-------+-------+-------+----------------------

Table legend: (Time is in decaauts)
 A = Elapsed time spent in this place.
 B = Non-inter-level travel time spent in this place.
 C = Inter-level travel time spent in this place.
 D = Time resting spent in this place.
 E = Time spent auto-exploring this place.
 F = Levels seen in this place.
 G = Mean time per level.
                   A        B        C        D        E       F      G
               +--------+--------+--------+--------+--------+-----+--------+
         Total |   1374 |   1326 |     48 |     75 |    939 |   3 |  458.0 |
       Dungeon |   1374 |   1326 |     48 |     75 |    939 |   3 |  458.0 |
               +--------+--------+--------+--------+--------+-----+--------+

Top non-repeatable levels by time:
     D:1: 721 daAuts
     D:2: 638 daAuts
     D:3: 14 daAuts
